 Dungeon Crawl Stone Soup version 0.31.0-11-ge490571c62 (webtiles) character file.

Game seed: 11982004013773466207

2 browni3141 the Conjurer (level 1, -3/13 HPs)
             Began as a Demonspawn Conjurer on Jan 30, 2024.
             Slain by a quokka (4 damage)
             ... on level 1 of the Dungeon.
             The game lasted 00:00:04 (37 turns).

browni3141 the Conjurer (Demonspawn Conjurer)         Turns: 37, Time: 00:00:05

Health: -3/13      AC:  2    Str:  7    XL:     1   Next: 33%
Magic:  1/3        EV: 12    Int: 18    God:
Gold:   6          SH:  0    Dex: 11    Spells: 3/4 levels left

rFire   . . .        (no weapon)
rCold   . . .        (no shield)
rNeg    . . .        a - +0 robe
rPois   .            (no helmet)
rElec   .            (no cloak)
rCorr   .            (no gloves)
SInv    .            (no boots)
Will    .....        (no amulet)
Stlth   ++           (no ring)
HPRegen 0.22/turn    (no ring)
MPRegen 0.08/turn

%: no passive effects
@: no status effects
A: no striking features
a: no special abilities


You were on level 1 of the Dungeon.
You visited 1 branch of the dungeon, and saw 1 of its levels.

You collected 6 gold pieces.

Inventory:

Armour
 a - a +0 robe (worn)
Potions
 b - a potion of magic


   Skills:
 + Level 1.8 Dodging
 + Level 1.8 Stealth
 + Level 2.0 Spellcasting
 + Level 4.0 Conjurations


You had 3 spell levels left.
You knew the following spells:

 Your Spells              Type           Power      Damage    Failure   Level
a - Magic Dart            Conj           64%        1d6       3%          1

Your spell library contained the following spells:

 Spells                   Type           Power      Damage    Failure   Level
 Searing Ray              Conj           32%        2d5       5%          2
 Fulminant Prism          Conj/Alch      4%         3d5       61%         4
 Iskenderun's Mystic Bla  Conj/Tloc      9%         2d4       61%         4


Dungeon Overview and Level Annotations

Branches:
Dungeon (1/15)

Altars:

Shops:
D:1 !


Message History

Welcome, browni3141 the Demonspawn Conjurer.
Below lies the Orb of Zot, rumoured to be powerful enough to resurrect a god...
Press ? for a list of commands and other information.
Found a staircase leading out of the dungeon.
Setting a skill training target for Axes at 18.0.
Setting a skill training target for Invocations at 14.0.
Setting a skill training target for Throwing at 11.0.
No target in view!
A bat comes into view.
A bat is nearby!
A bat is nearby!
A bat is nearby!
The magic dart hits the bat.
You kill the bat!
You can't see any susceptible monsters within range! (Use Z to cast anyway.)
You can't see any susceptible monsters within range! (Use Z to cast anyway.) Magic restored.
A goblin comes into view. It is wielding a +0 dagger.
The goblin shouts!
A quokka comes into view.
There are monsters nearby!
There are monsters nearby!
The magic dart hits the goblin.
You kill the goblin!
The magic dart hits the quokka but does no damage.
The magic dart hits the quokka but does no damage.
You are out of magic!
You are out of magic!
You see here 6 gold pieces.
You now have 6 gold pieces.
A hobgoblin comes into view.
The quokka barely misses you.
The hobgoblin shouts!
You hit the quokka but do no damage. The quokka closely misses you.
You closely miss the quokka. The quokka barely misses you.
You barely miss the quokka. The quokka bites you. x2
You hit the quokka but do no damage. The quokka bites you.
You hit the quokka.
The quokka is heavily wounded.
The quokka closely misses you. The quokka attacks as it pursues you!
The quokka bites you. The quokka attacks as it pursues you!
The quokka completely misses you. The quokka barely misses you.
Found Pidair's Distillery.
The quokka attacks as it pursues you! The quokka bites you.
Found 2 emerald potions.
Found a stone staircase leading down.
The quokka attacks as it pursues you! The quokka bites you.
You die...

#...### ##.....##
#.......### #.........##
#..........###
#......8......###
#.....##.....g..########
#.....##.....##r........
#.....8......###@.......
##............##..=...∩!
#.....(.†..............
..........##.........
####.....####........
##...## #.)...... ##.#
#........ #. #######.>


You could see a quokka and a hobgoblin.

Vanquished Creatures
  A bat (D:1)
  A goblin (D:1)
2 creatures vanquished.

Notes
Turn   | Place    | Note
-------+----------+-------------------------------------------
     0 | D:1      | browni3141 the Demonspawn Conjurer began the quest for the
                  | Orb.
     0 | D:1      | Reached XP level 1. HP: 13/13 MP: 3/3
    36 | D:1      | Found Pidair's Distillery.
    37 | D:1      | Slain by a quokka

Illustrated notes

Levels and vault maps discovered:
D:1:      eino_arrival_cavern_d, layout_basic, serial_shops, shop,
          serial_forest, infiniplex_forest_end_1, infiniplex_forest_end_double,
          infiniplex_forest_straight_4, infiniplex_forest_clump_long,
          infiniplex_forest_clump_curved, infiniplex_forest_straight_4,
          infiniplex_forest_end_2, chequers_avenue, minmay_misc_feat_tower

Action                     || total
---------------------------++-------
  Melee: Unarmed           ||     5
   Cast: Magic Dart        ||     4
 Armour: Robe              ||     6
  Dodge: Dodged            ||     6
